 Dungeon Crawl Stone Soup version 0.20.1-1-g8b1a95d (webtiles) character file.

1841 vineage the Slasher (level 8, -9/61 HPs)
             Began as a Demonspawn Gladiator on Aug 30, 2017.
             Was a Follower of Okawaru.
             Mangled by a two-headed ogre
             ... wielding a +0 giant spiked club
              (14 damage)
             ... on level 8 of the Dungeon.
             The game lasted 00:07:18 (5285 turns).

vineage the Slasher (Demonspawn Gladiator)          Turns: 5285, Time: 00:07:20

Health: -9/61      AC:  9    Str: 17    XL:     8   Next: 87%
Magic:  8/8        EV: 15    Int: 13    God:    Okawaru [*.....]
Gold:   396        SH:  0    Dex: 14    Spells: 7/7 levels left

rFire    . . .     SeeInvis .   a - +0 long sword
rCold    . . .     Gourm    .   (no shield)
rNeg     . . .     Faith    .   q - +1 robe "Enew" {MR+ Int+3}
rPois    .         Spirit   .   c - +0 helmet
rElec    .         Reflect  .   h - +0 cloak
rCorr    .         Harm     .   (no gloves)
MR       +....                  (no boots)
Stlth    +++.......             (no amulet)
Regen    0.2/turn               (no ring)
MPRegen  0.2/turn               (no ring)

@: no status effects
A: claws 1, iridescent scales 2, nightstalker 1, spiny 1
a: Heroism, Renounce Religion


You were on level 8 of the Dungeon.
You worshipped Okawaru.
Okawaru was aware of your devotion.
You were very hungry.

You visited 2 branches of the dungeon, and saw 9 of its levels.

You collected 396 gold pieces.

Inventory:

Hand Weapons
 a - a +0 long sword (weapon)
Missiles
 d - 3 throwing nets (quivered)
Armour
 b - a +0 leather armour
 c - a +0 helmet (worn)
 h - a +0 cloak (worn)
 q - the +1 robe "Enew" (worn) {MR+ Int+3}
   (You found it on level 4 of the Dungeon)

   It affects your intelligence (+3).
   It affects your resistance to hostile enchantments.
Jewellery
 v - an uncursed ring of wizardry {unknown}
Wands
 t - a wand of polymorph (15/24)
Scrolls
 e - a scroll of teleportation {unknown}
 g - 2 scrolls of remove curse
 s - a scroll of acquirement {unknown}
Potions
 n - a potion of lignification {unknown}
 o - a potion of agility
 p - 3 potions of ambrosia
 r - a potion of berserk rage {unknown}
Books
 k - Sif Muna's Incunabulum of the Neverending Tables
   (You found it on level 2 of the Dungeon)

   Spells                             Type                      Level
   a - Infusion                       Charms                       1
 l - a book of Necromancy

   Spells                             Type                      Level
   a - Pain                           Necromancy                   1
   b - Animate Skeleton               Necromancy                   1
   c - Vampiric Draining              Necromancy                   3
   d - Regeneration                   Charms/Necromancy            3
   e - Animate Dead                   Necromancy                   4
   f - Control Undead                 Necromancy                   4
 u - a book of Cantrips

   Spells                             Type                      Level
   a - Confusing Touch                Hexes                        1
   b - Animate Skeleton               Necromancy                   1
   c - Summon Small Mammal            Summoning                    1
   d - Apportation                    Translocation                1
Comestibles
 f - 3 bread rations
 i - 2 meat rations
 j - 3 royal jellies
 m - 6 fruits


   Skills:
 + Level 4.4 Fighting
 + Level 7.7 Long Blades
 + Level 2.0 Throwing
 + Level 2.3 Armour
 + Level 5.8 Dodging
 + Level 3.2 Stealth


You had 7 spell levels left.
You didn't know any spells.

Dungeon Overview and Level Annotations

Branches:
Dungeon (8/15)             Temple (1/1) D:4
   Lair: D:8-11

Altars:
Ashenzari
Cheibriados
Elyvilon
Fedhas
Gozag
Kikubaaqudgha
Okawaru
Qazlal
Sif Muna
Uskayaw
Vehumet
Xom
The Shining One

Shops:
D:5 }


Innate Abilities, Weirdness & Mutations

You have sharp fingernails.
You are mostly covered in iridescent scales. (AC +4)
You are slightly more attuned to the shadows.
You are partially covered in sharp spines.


Message History

The two-headed ogre closely misses you.
The two-headed ogre hits you but does no damage.
You hit the two-headed ogre but do no damage.
The two-headed ogre is heavily wounded.
The two-headed ogre is struck by your spines.
The two-headed ogre hits you with a giant spiked club!!
The two-headed ogre closely misses you.
You closely miss the two-headed ogre.
The two-headed ogre is heavily wounded.
The two-headed ogre is struck by your spines.
The two-headed ogre hits you with a giant spiked club!
* * * LOW HITPOINT WARNING * * *
The two-headed ogre hits you but does no damage.
You slash the two-headed ogre!
The two-headed ogre is severely wounded.
The two-headed ogre completely misses you.
You riposte.
You barely miss the two-headed ogre.
The two-headed ogre is severely wounded.
The two-headed ogre hits you with a dire flail!
You die...

.......#.##
#......#..#
###.........#
#...........##
#.......[....#
#.............
##......@O....#
#..<....)......
..............$..#
Z.###............#
#.........####
...........(.
###############


You could see a two-headed ogre.

Vanquished Creatures
  A steam dragon (D:7)
  An orc warrior (D:6)
  An ice beast (D:6)
  A phantom (D:6)
  A sky beast (D:6)
  3 centaurs
  An ogre (D:4)
  A bullfrog (D:7)
  2 scorpions (D:4)
  A howler monkey (D:4)
  A bullfrog zombie (D:5)
  3 crimson imps
  2 hounds
  A quasit (D:4)
  Crazy Yiuf (D:3)
  2 jellies (D:7)
  3 orc wizards
  3 orc priests
  An iguana (D:5)
  3 worker ants (D:4)
  A hound skeleton (D:5)
  A gnoll (D:1)
  10 adders
  3 worms
  3 dart slugs
  3 leopard geckos
  17 orcs
  2 ball pythons
  4 bats
  2 giant cockroaches
  6 goblins
  4 hobgoblins
  6 jackals (D:4)
  4 kobolds
  4 quokkas
  3 frilled lizards
  2 quokka skeletons
  9 rats
117 creatures vanquished.

Vanquished Creatures (others)
  An orc (D:4)
  A quokka (D:3)
2 creatures vanquished.

Grand Total: 119 creatures vanquished

Notes
Turn   | Place    | Note
-------+----------+-------------------------------------------
     0 | D:1      | vineage the Demonspawn Gladiator began the quest for the Orb.
     0 | D:1      | Reached XP level 1. HP: 16/16 MP: 1/1
   288 | D:1      | Gained mutation: You are partially covered in sharp spines. [demonic ancestry]
   288 | D:1      | Reached XP level 2. HP: 22/22 MP: 2/2
   353 | D:1      | Reached skill level 3 in Long Blades
   657 | D:2      | Gained mutation: You have sharp fingernails. [demonic ancestry]
   657 | D:2      | Reached XP level 3. HP: 28/28 MP: 3/3
   661 | D:2      | Found a hide-covered altar of Uskayaw.
   863 | D:2      | Found a radiant altar of Vehumet.
   865 | D:2      | Found a deep blue altar of Sif Muna.
   865 | D:2      | Found an ancient bone altar of Kikubaaqudgha.
   871 | D:2      | Identified Sif Muna's Incunabulum of the Neverending Tables
   903 | D:2      | Reached XP level 4. HP: 32/34 MP: 4/4
  1196 | D:3      | Reached skill level 4 in Long Blades
  1252 | D:3      | Gained mutation: You are partially covered in iridescent scales. (AC +2) [demonic ancestry]
  1252 | D:3      | Reached XP level 5. HP: 21/39 MP: 5/5
  1268 | D:3      | Found a white marble altar of Elyvilon.
  1345 | D:3      | Reached skill level 1 in Armour
  1799 | D:3      | Found a runed door.
  1803 | D:3      | Noticed Crazy Yiuf
  1811 | D:3      | Killed Crazy Yiuf
  1811 | D:3      | Reached skill level 1 in Stealth
  2093 | D:4      | Got a bloodstained robe
  2104 | D:4      | Identified the +1 robe "Enew" {MR+ Int+3} (You found it on level 4 of the Dungeon)
  2151 | D:4      | Gained mutation: You are mostly covered in iridescent scales. (AC +4) [demonic ancestry]
  2151 | D:4      | Reached XP level 6. HP: 38/47 MP: 6/6
  2158 | D:4      | Reached skill level 5 in Long Blades
  2388 | D:4      | Found a stormy altar of Qazlal.
  2438 | D:4      | Found a shattered altar of Ashenzari.
  2515 | D:4      | Gained mutation: You are slightly more attuned to the shadows. [demonic ancestry]
  2515 | D:4      | Reached XP level 7. HP: 46/52 MP: 7/7
  2542 | D:4      | Found a staircase to the Ecumenical Temple.
  2553 | Temple   | Entered the Ecumenical Temple
  2577 | Temple   | Became a worshipper of Warmaster Okawaru
  2944 | D:5      | Entered Level 5 of the Dungeon
  3071 | D:5      | Found Ypluked's Gadget Boutique.
  3115 | D:5      | Reached skill level 6 in Long Blades
  3215 | D:5      | Found a white marble altar of Elyvilon.
  3310 | D:6      | Reached XP level 8. HP: 36/60 MP: 8/8
  3522 | D:6      | Reached * piety under Okawaru
  3562 | D:6      | Found an opulent altar of Gozag.
  3904 | D:6      | Reached skill level 5 in Dodging
  3918 | D:6      | Reached skill level 7 in Long Blades
  4821 | D:7      | Found a glowing golden altar of the Shining One.
  5275 | D:8      | Noticed a two-headed ogre
  5285 | D:8      | Mangled by a two-headed ogre

Skill      XL: |  1  2  3  4  5  6  7  8 |
---------------+-------------------------+-----
Long Blades    | 3 4 5 6 7 |  7.7
Throwing       | 2 |  2.0
Dodging        | 3 4 5 |  5.8
Armour         | 1 2 |  2.3
Stealth        | 1 2 3 |  3.2
Fighting       | 3 4 |  4.4

Action                   |  1- 3 |  4- 6 |  7- 9 || total
-------------------------+-------+-------+-------++-------
Melee: Long sword        |    53 |   120 |   167 ||   340
  Use: Potion            |     2 |       |     2 ||     4
       Scroll            |       |       |     5 ||     5
 Stab: Sleeping          |     1 |       |     7 ||     8
  Eat: Chunk             |       |     2 |     6 ||     8
       Meat ration       |       |     1 |       ||     1
Armor: Leather armour    |    14 |    15 |       ||    29
       Robe              |       |    25 |    55 ||    80
Dodge: Dodged            |    24 |   110 |   119 ||   253
       Rpst.: Long sword |     6 |    36 |    39 ||    81
